Map: Acid Plant LE

Players

SoLidBoss

  • Race: Protoss Protoss
  • League: Master
  • Spawn Location: 5:00

LaFantome - Winner!

  • Race: Zerg Zerg
  • League: Master
  • Spawn Location: 11:00

VOD

Have the link to the VOD?

Description

Time

  • Played on: Nov. 16, 2018, 3:05 p.m.
  • Length: 16:23
Show
View Real Time Build Order
Export as new Build Order

SoLidBoss Protoss 

Build Orders: 1 Gate Expand, Oracle Opening, Phoenix Opening, Zealot Archon 

Get SALT Encoding   

  12  0:01  Probe  
  13  0:13  Probe  
  14  0:21  Pylon  
  14  0:25  Probe  
  15  0:37  Probe  
  16  0:45  Probe  
  16  0:47  Gateway  
  17  0:53  Probe  
  18  1:01  Assimilator  
  18  1:05  Probe  
  19  1:17  Probe  
  20  1:27  Nexus  
  20  1:39  Cybernetics Core  
  20  1:47  Assimilator  
  20  1:53  Pylon  
  20  1:55  Probe  
  21  2:05  Probe  
  22  2:13  Probe  
  22  2:14  Adept  
  22  2:17  Stargate  
  22  2:21  Probe  
  25  2:32  Warp Gate  
  25  2:33  Probe  
  26  2:40  Adept  
  26  2:41  Probe  
  29  2:51  Probe  
  29  2:52  Pylon  
  29  2:54  Probe  
  29  2:56  Phoenix  
  31  3:04  Probe  
  34  3:11  Probe  
  35  3:16  Probe  
  36  3:23  Probe  
  37  3:27  Oracle  
  37  3:28  Probe  
  41  3:35  Probe  
  41  3:39  Probe  
  43  3:44  Robotics Facility, Probe  
  43  3:46  Assimilator x2  
  43  3:47  Probe  
  44  3:52  Probe  
  44  3:55  Pylon  
  45  3:56  Probe  
  47  4:05  Twilight Council  
  47  4:07  Probe  
  48  4:10  Gateway  
  48  4:12  Probe  
  49  4:19  Probe  
  49  4:21  Gateway  
  50  4:25  Gateway  
  50  4:27  Probe  
  51  4:32  Probe  
  49  4:39  Warp Prism, Probe  
  49  4:44  Probe  
  51  4:51  Charge, Templar Archives  
  53  4:57  Probe  
  54  5:04  Pylon x2  
  54  5:05  Probe  
  55  5:09  Adept  
  55  5:10  Pylon, Probe  
  58  5:15  Pylon  
  58  5:18  Pylon  
  58  5:28  Probe  
  55  5:30  Probe  
  56  5:36  Adept, Gateway x2  
  56  5:37  Sentry  
  56  5:39  Gateway  
  56  5:41  Adept  
  62  5:44  Probe  
  62  5:45  Probe  
  64  5:53  Adept  
  64  5:56  Probe  
  67  5:59  High Templar x2  
  67  6:01  High Templar  
  67  6:03  Archon  
  73  6:05  Pylon  
  73  6:13  Nexus  
  73  6:17  High Templar, Immortal  
  74  6:21  Archon  
  74  6:23  Probe x2  
  76  6:40  Probe  
  76  6:42  Probe  
  76  6:45  Pylon  
  74  6:47  Pylon  
  74  6:53  Zealot x3  
  74  6:54  Zealot x3  
  86  7:05  Probe  
  87  7:21  Zealot  
  87  7:22  Zealot x6  
  97  7:24  Probe  
  97  7:29  Probe  
  89  7:36  Probe  
  88  7:41  Nexus, Probe  
  88  7:42  Pylon  
  89  7:56  Probe  
  90  7:58  Psionic Storm, Immortal  
  90  8:04  Probe  
  87  8:08  Pylon, Probe  
  87  8:10  High Templar  
  87  8:11  High Templar x3  
  87  8:12  High Templar  
  100  8:18  Gateway x2  
  96  8:20  Gateway  
  96  8:23  Forge  
  96  8:24  Forge  
  88  8:27  Pylon  
  88  8:28  Probe  
  88  8:29  Immortal  
  88  8:32  High Templar  
  88  8:33  High Templar  
  91  8:38  Robotics Facility  
  95  8:41  Pylon  
  95  8:42  Protoss Ground Armor Level 1  
  95  8:47  Protoss Ground Weapons Level 1, Shield Battery  
  93  9:00  Probe  
  93  9:02  Probe  
  95  9:05  Probe  
  95  9:07  Immortal  
  96  9:12  Probe  
  96  9:14  Probe  
  98  9:20  Assimilator  
  98  9:24  High Templar x2, Assimilator  
  104  9:29  Photon Cannon  
  104  9:30  Photon Cannon  
  106  9:33  Photon Cannon, Archon  
  106  9:34  Shield Battery  
  106  9:35  Probe  
  107  9:41  Pylon  
  107  9:46  Pylon  
  107  9:49  Pylon  
  107  9:51  Immortal, Observer  
  112  9:53  Zealot  
  112  9:55  Zealot  
  112  9:57  Zealot  
  118  10:01  High Templar x2  
  118  10:02  Zealot x2  
  118  10:05  Archon  
  126  10:12  Immortal  
  126  10:13  Probe  
  131  10:26  Nexus  
  131  10:27  Probe  
  131  10:28  Pylon, Probe x2  
  134  10:31  Phoenix  
  130  10:36  Archon  
  130  10:37  Archon  
  130  10:39  Probe  
  130  10:41  High Templar x2, Assimilator  
  130  10:42  High Templar  
  137  10:45  Assimilator, Archon  
  137  10:47  Stalker  
  137  10:48  Stalker  
  135  11:07  Stalker x2  
  135  11:08  Stalker x3  
  143  11:14  Phoenix  
  141  11:20  Probe x3  
  144  11:29  Photon Cannon  
  144  11:31  Photon Cannon  
  144  11:32  Protoss Ground Weapons Level 2, Protoss Ground Armor Level 2, Probe x2  
  146  11:33  Photon Cannon  
  146  11:34  Photon Cannon, Shield Battery  
  146  11:35  Pylon  
  146  11:36  Photon Cannon  
  146  11:38  Shield Battery  
  146  11:49  High Templar  
  146  11:50  High Templar  
  146  11:53  Archon  
  150  11:54  Phoenix  
  150  11:57  Probe x2  
  152  12:06  Probe  
  153  12:09  Photon Cannon  
  153  12:12  Photon Cannon  
  153  12:14  Photon Cannon  
  153  12:16  Immortal  
  153  12:18  Observer, Shield Battery  
  153  12:21  Probe x3  
  161  12:24  Photon Cannon  
  161  12:25  Probe  
  161  12:26  Pylon  
  162  12:30  High Templar x2  
  162  12:31  High Templar x2  
  162  12:33  High Templar, Probe  
  173  12:39  Probe x3  
  176  12:45  Probe  
  176  12:49  High Templar x2  
  181  12:55  Zealot x2  
  181  12:56  Photon Cannon, Zealot  
  187  12:59  Shield Battery  
  187  13:08  Zealot x2  
  187  13:09  Zealot x3  
  187  13:10  Pylon  
  197  13:15  Archon  
  115  13:27  High Templar  
  115  13:28  High Templar x4  
  115  13:29  Zealot  
  115  13:30  Zealot x4  
  115  13:31  Immortal  
  115  13:32  Immortal  
  143  13:41  Photon Cannon  
  141  13:42  Photon Cannon  
  129  13:50  High Templar x2  
  129  13:52  Zealot x3  
  135  14:01  Zealot x4  
  135  14:02  Zealot  
  110  14:24  Immortal  
  110  14:25  Nexus, Immortal  
  110  14:26  High Templar x2  
  110  14:27  Zealot x2  
  110  14:28  Zealot x4  
  110  14:29  Pylon  
  134  14:33  Archon  
  134  14:35  Archon  
  134  14:46  Zealot  
  134  14:47  Zealot x2  
  139  14:55  Zealot  
  139  14:56  Probe  
  139  14:57  Probe x2  
  144  15:04  Photon Cannon  
  144  15:06  Photon Cannon  
  144  15:08  Photon Cannon, Probe  
  144  15:09  Shield Battery  
  144  15:14  Observer  
  146  15:19  High Templar  
  146  15:20  High Templar x4  
  146  15:21  High Templar, Nexus  
  158  15:24  Archon  
  158  15:25  Archon  
  154  15:33  Probe  
  145  15:45  Warp Prism  
  147  15:52  Stalker x2  
  147  15:53  Stalker  
  153  15:58  Stalker  
  136  16:17  Stalker x4  
  136  16:18  Stalker x3  
Show
View Real Time Build Order
Export as new Build Order

LaFantome Zerg - Winner!

Build Orders: Hatch First, Muta Ling Bane 

Get SALT Encoding   

  12  0:01  Drone  
  13  0:13  Overlord  
  13  0:17  Drone  
  14  0:31  Drone x2  
  16  0:48  Hatchery  
  15  0:52  Drone  
  15  0:55  Drone  
  17  0:59  Drone  
  18  1:09  Extractor  
  17  1:14  Spawning Pool  
  17  1:17  Drone  
  17  1:21  Drone  
  18  1:28  Drone  
  19  1:39  Overlord  
  19  1:50  Drone  
  20  2:01  Zergling x4  
  20  2:02  Queen x2  
  26  2:14  Drone x2  
  28  2:16  Metabolic Boost  
  28  2:25  Drone x2  
  30  2:33  Drone  
  31  2:38  Hatchery  
  30  2:44  Drone  
  30  2:45  Overlord  
  30  2:48  Drone  
  32  2:55  Drone  
  32  2:56  Drone  
  34  3:03  Queen  
  34  3:05  Overlord  
  36  3:07  Drone  
  37  3:22  Drone x4  
  41  3:28  Drone x2  
  43  3:39  Drone  
  43  3:40  Overlord  
  44  3:45  Spore Crawler  
  44  3:47  Spore Crawler  
  42  3:57  Queen x3, Spore Crawler  
  42  3:58  Drone  
  42  3:59  Drone x4  
  52  4:03  Drone x2  
  52  4:09  Evolution Chamber  
  53  4:17  Zergling x6  
  53  4:18  Zergling x4  
  53  4:20  Overlord  
  58  4:34  Zerg Melee Weapons Level 1  
  58  4:36  Lair  
  58  4:43  Drone  
  58  4:44  Drone  
  58  4:45  Zergling x8  
  63  4:46  Zergling x2  
  63  4:47  Drone  
  63  4:48  Overlord x2  
  66  4:57  Overlord x2  
  66  5:06  Drone x4  
  66  5:07  Drone x5  
  74  5:11  Extractor  
  74  5:12  Overlord  
  73  5:21  Drone x2  
  73  5:31  Extractor x3  
  73  5:35  Zergling x2  
  71  5:36  Zergling x16  
  71  5:40  Hydralisk Den, Baneling Nest  
  75  5:53  Drone  
  75  5:54  Drone x2  
  75  5:55  Drone x2  
  75  5:56  Drone x4  
  84  5:57  Drone  
  84  5:58  Drone x5  
  84  6:03  Drone  
  91  6:09  Hatchery  
  91  6:10  Zergling x4  
  92  6:13  Grooved Spines  
  92  6:16  Overseer  
  92  6:20  Drone  
  92  6:25  Drone x2  
  95  6:26  Drone x3, Extractor, Overlord x2  
  95  6:27  Overlord  
  95  6:28  Centrifical Hooks  
  93  6:50  Hydralisk x6  
  98  7:02  Zergling x2  
  98  7:03  Zergling x10  
  100  7:11  Hydralisk  
  84  7:28  Hydralisk  
  84  7:29  Hydralisk x4  
  68  7:38  Hydralisk x3  
  60  7:44  Hydralisk  
  60  7:45  Hydralisk x2  
  60  7:46  Queen x2  
  60  7:47  Queen  
  60  7:50  Hydralisk x3  
  58  8:24  Spawning Pool  
  55  8:31  Drone  
  55  8:32  Drone x11  
  67  8:39  Spire  
  67  8:40  Spawning Pool  
  65  8:52  Zerg Melee Weapons Level 2  
  65  8:55  Drone x3  
  67  8:56  Drone x3  
  67  8:57  Drone x2  
  73  9:11  Hydralisk Den  
  73  9:13  Zergling x22  
  84  9:18  Queen  
  86  9:41  Drone  
  86  9:42  Drone x7  
  93  9:52  Mutalisk  
  93  9:53  Mutalisk x10  
  115  10:05  Zergling x2, Extractor  
  115  10:06  Zergling x10, Extractor  
  119  10:11  Baneling  
  119  10:12  Baneling x8  
  118  10:20  Baneling  
  118  10:21  Baneling x8, Hydralisk x2  
  118  10:48  Drone  
  118  10:49  Drone x2, Hydralisk  
  123  10:51  Overlord x3  
  123  10:52  Overlord  
  115  11:15  Hydralisk  
  115  11:16  Hydralisk x11  
  137  11:22  Overlord  
  135  11:28  Zerg Missile Weapons Level 1  
  135  11:30  Infestation Pit  
  134  11:36  Hydralisk  
  134  11:37  Hydralisk x3  
  134  11:39  Overlord  
  142  11:40  Overlord x2  
  142  12:01  Hydralisk  
  142  12:02  Hydralisk x13  
  142  12:04  Zergling x4  
  170  12:10  Hive  
  168  12:17  Overlord x3  
  166  12:25  Zergling x18  
  166  12:26  Zergling x14  
  182  12:32  Spine Crawler  
  182  12:33  Overseer  
  182  12:36  Zergling x4  
  182  12:37  Zergling x4  
  185  12:41  Baneling  
  185  12:42  Baneling x11  
  185  12:43  Zergling x2  
  186  12:45  Baneling  
  186  12:46  Baneling x17  
  186  12:48  Zergling x6, Baneling  
  189  13:01  Zergling x8  
  189  13:02  Zergling x14  
  200  13:10  Hatchery  
  153  13:33  Zergling x16  
  153  13:34  Zergling x10  
  165  13:36  Greater Spire  
  146  14:00  Corruptor x12  
  158  14:13  Muscular Augments  
  131  14:50  Brood Lord x8  
  147  14:57  Burrow  
  147  14:58  Extractor  
  147  14:59  Drone x3, Extractor  
  148  15:00  Drone x3  
  148  15:01  Drone  
  148  15:02  Zergling x2  
  148  15:03  Zergling x10  
  157  15:08  Brood Lord  
  159  15:21  Brood Lord x3  
  164  15:35  Hydralisk x6  
  163  15:36  Hydralisk  
  163  15:37  Zergling x2  
  163  15:38  Zergling x2  
  173  15:57  Hydralisk  
  173  15:58  Hydralisk x7  
Tags
 
Add a new tag
Caveats
  • Supply blocks, unpowered buildings, or Contaminate may cause inaccurate times.
  • Supply counts are checked every 10 seconds.